 Dungeon Crawl Stone Soup version 0.24.0-123-gd5b16e6ec5 (webtiles) character file.

Game seed: 12157095755635947337, levelgen mode: deterministic

524 Iamsoldier the Charmwright (level 7, -4/56 HPs)
             Began as a Gnoll Skald on Dec 17, 2019.
             Was an Initiate of Ashenzari.
             Slain by TheNamelessOne's ghost (9 damage)
             ... on level 4 of the Dungeon.
             The game lasted 00:07:06 (3446 turns).

Iamsoldier the Charmwright (Gnoll Skald)            Turns: 3446, Time: 00:07:07

Health: -4/56      AC:  6    Str: 15    XL:     7   Next: 22%
Magic:  2/15       EV: 12    Int: 15    God:    Ashenzari [......]
Gold:   189        SH:  8    Dex: 15    Spells: 8/17 levels left

rFire    + . .     SeeInvis .   a - +0 spear
rCold    . . .     Gourm    .   t - +0 shield (curse)
rNeg     . . .     Faith    .   e - +0 leather armour {rF+}
rPois    .         Spirit   .   (no helmet)
rElec    .         Reflect  .   (no cloak)
rCorr    .         Harm     .   (no gloves)
MR       .....                  (no boots)
Stlth    +++.......             (no amulet)
HPRegen  0.18/turn              f - ring of stealth
MPRegen  0.14/turn              r - +3 ring of protection (curse)

@: flying, very slightly contaminated
A: distributed training, fangs 1, strong nose
a: Curse Item, Renounce Religion


You were on level 4 of the Dungeon.
You worshipped Ashenzari.
Ashenzari was noncommittal.
You were very hungry.

You visited 2 branches of the dungeon, and saw 5 of its levels.

You collected 189 gold pieces.

Inventory:

Hand Weapons
 a - a +0 spear (weapon)
Armour
 b - a +0 leather armour
 e - a +0 leather armour of fire resistance (worn)
 s - a +0 buckler
 t - a cursed +0 shield (worn)
Jewellery
 f - a ring of stealth (left hand)
 n - an uncursed ring of flight
 r - a cursed +3 ring of protection (right hand)
Wands
 u - a wand of flame (15)
Scrolls
 c - 2 scrolls of teleportation {unknown}
 g - 2 scrolls of fear
 i - 3 scrolls of magic mapping
 k - a scroll of random uselessness {unknown}
 l - 3 scrolls of identify
 p - 2 scrolls of amnesia {unknown}
 q - 3 scrolls of enchant weapon {unknown}
Potions
 m - 2 potions of flight
Comestibles
 d - 10 rations


   Skills:
 + Level 5.1 Fighting
 + Level 2.3 Short Blades
 + Level 2.3 Long Blades
 + Level 2.3 Axes
 + Level 2.3 Maces & Flails
 + Level 5.1 Polearms
 + Level 2.3 Staves
 + Level 2.3 Slings
 + Level 2.3 Bows
 + Level 2.3 Crossbows
 + Level 2.3 Throwing
 + Level 3.5 Armour
 + Level 5.1 Dodging
 + Level 2.3 Stealth
 + Level 2.3 Shields
 + Level 2.3 Unarmed Combat
 + Level 5.5 Spellcasting
 + Level 1.8 Conjurations
 + Level 1.8 Hexes
 + Level 5.8 Charms
 + Level 1.8 Summonings
 + Level 1.8 Necromancy
 + Level 1.8 Translocations
 + Level 1.8 Transmutations
 + Level 1.8 Fire Magic
 + Level 1.8 Ice Magic
 + Level 1.8 Air Magic
 + Level 1.8 Earth Magic
 + Level 1.8 Poison Magic
 + Level 2.5 Invocations
 + Level 2.3 Evocations


You had 8 spell levels left.
You knew the following spells:

 Your Spells              Type           Power        Failure   Level  Hunger
a - Infusion              Chrm           ###.         9%          1    None
b - Shroud of Golubria    Chrm/Tloc      ###...       30%         2    #......
c - Spectral Weapon       Hex/Chrm       ###.....     52%         3    ###....
d - Regeneration          Chrm/Necr      ###.......   52%         3    ###....

Your spell library contained the following spells:

 Spells                   Type           Power        Failure   Level  Hunger
 Song of Slaying          Chrm           ###.....     14%         2    #......


Dungeon Overview and Level Annotations

Branches:
Dungeon (4/15)             Temple (1/1) D:4

Altars:
Ashenzari
Cheibriados
Dithmenos
Elyvilon
Gozag
Hepliaklqana
Kikubaaqudgha
Makhleb
Nemelex Xobeh
Ru
Trog
Uskayaw
Wu Jian
Xom
Zin
The Shining One

Annotations:
D:4 TheNamelessOne's ghost, amateur GrFi


Innate Abilities, Weirdness & Mutations

Your experience applies equally to all skills.
You have very sharp teeth.
Your uncanny sense of smell can sniff out nearby items.


Message History

* * * LOW HITPOINT WARNING * * *
Okay, then.
Your shield prevents you from hitting TheNamelessOne's ghost.
You bite TheNamelessOne's ghost, but do no damage.
TheNamelessOne's ghost is severely damaged.
TheNamelessOne's ghost hits you but does no damage.
You hit TheNamelessOne's ghost but do no damage.
TheNamelessOne's ghost is severely damaged.
TheNamelessOne's ghost hits you but does no damage.
You hit TheNamelessOne's ghost.
TheNamelessOne's ghost is severely damaged.
TheNamelessOne's ghost hits you!
* * * LOW HITPOINT WARNING * * *
You hit TheNamelessOne's ghost but do no damage.
TheNamelessOne's ghost is severely damaged.
TheNamelessOne's ghost misses you.
You hit TheNamelessOne's ghost.
TheNamelessOne's ghost is almost destroyed.
TheNamelessOne's ghost hits you!
You die...

#.... ##.# ##....
#. #≈≈≈# #..#
##.....##. #≈)≈#
#.## #.......#.##
#≈≈≈# #.#
#.#.#.#†#..# #≈≈≈#
#.# #.......##.#
#≈≈≈# #.#
#.#.#.#.##.# #≈rr#
#.#
(.......##.####W##
#.#
..#.#.#..#......@#
###.#
...........##...##
#...#
.....#####.######
#####.#.# #####
#.# #.......# #.#
#.#.#.#.# #.#
##.......# #.####
#..#.#.#.## #....#
#..........
##.##.#
#..#.#.#...


You could see TheNamelessOne's ghost, a river rat and a rat.

Vanquished Creatures
  A water moccasin (D:4)
  A necrophage (D:3)
  A bullfrog skeleton (D:4)
  Jessica (D:2)
  2 orc wizards (D:4)
  A worker ant (D:4)
  Robin (D:2)
  7 adders
  4 gnolls (D:4)
  2 worms
  3 leopard geckos
  7 orcs
  6 bats
  3 giant cockroaches
  8 hobgoblins
  6 jackals (D:1)
  6 kobolds
  A quokka (D:2)
  2 ball pythons
  3 frilled lizards
  12 goblins
  9 rats
87 creatures vanquished.

Notes
Turn   | Place    | Note
-------+----------+-------------------------------------------
     0 | D:1      | Iamsoldier the Gnoll Skald began the quest for the Orb.
     0 | D:1      | Reached XP level 1. HP: 20/20 MP: 6/6
    85 | D:1      | Reached XP level 2. HP: 26/26 MP: 5/7
    93 | D:1      | Learned a level 2 spell: Shroud of Golubria
   543 | D:1      | Reached XP level 3. HP: 31/31 MP: 3/9
   574 | D:1      | Reached skill level 5 in Spellcasting
   806 | D:2      | Noticed Robin
   812 | D:2      | Reached skill level 1 in Invocations
   828 | D:2      | Killed Robin
   828 | D:2      | Reached skill level 1 in Short Blades
   828 | D:2      | Reached skill level 1 in Long Blades
   828 | D:2      | Reached skill level 1 in Axes
   828 | D:2      | Reached skill level 1 in Maces & Flails
   828 | D:2      | Reached skill level 1 in Staves
   828 | D:2      | Reached skill level 1 in Slings
   828 | D:2      | Reached skill level 1 in Bows
   828 | D:2      | Reached skill level 1 in Crossbows
   828 | D:2      | Reached skill level 1 in Throwing
   828 | D:2      | Reached skill level 1 in Stealth
   828 | D:2      | Reached skill level 1 in Shields
   828 | D:2      | Reached skill level 1 in Unarmed Combat
   828 | D:2      | Reached skill level 1 in Evocations
   835 | D:2      | Reached XP level 4. HP: 24/38 MP: 1/11
   954 | D:2      | Learned a level 3 spell: Spectral Weapon
   958 | D:2      | Learned a level 3 spell: Regeneration
  1218 | D:2      | Found a sacrificial altar of Ru.
  1289 | D:2      | Noticed Jessica
  1295 | D:2      | Killed Jessica
  1295 | D:2      | Reached skill level 1 in Conjurations
  1295 | D:2      | Reached skill level 1 in Hexes
  1295 | D:2      | Reached skill level 1 in Summonings
  1295 | D:2      | Reached skill level 1 in Necromancy
  1295 | D:2      | Reached skill level 1 in Translocations
  1295 | D:2      | Reached skill level 1 in Transmutations
  1295 | D:2      | Reached skill level 1 in Fire Magic
  1295 | D:2      | Reached skill level 1 in Ice Magic
  1295 | D:2      | Reached skill level 1 in Air Magic
  1295 | D:2      | Reached skill level 1 in Earth Magic
  1295 | D:2      | Reached skill level 1 in Poison Magic
  1809 | D:3      | Reached XP level 5. HP: 43/43 MP: 5/12
  2009 | D:3      | Noticed a necrophage
  2015 | D:3      | Killed a necrophage
  2015 | D:3      | Reached XP level 6. HP: 50/50 MP: 7/13
  2061 | D:3      | Found a faded altar of an unknown god.
  2823 | D:4      | Reached skill level 5 in Fighting
  2823 | D:4      | Reached skill level 5 in Polearms
  2823 | D:4      | Reached skill level 5 in Dodging
  2866 | D:4      | Found a staircase to the Ecumenical Temple.
  2896 | Temple   | Entered the Ecumenical Temple
  2971 | Temple   | Became a worshipper of Ashenzari the Shackled
  3374 | D:4      | Found a runed translucent door.
  3377 | D:4      | Noticed TheNamelessOne's ghost (amateur GrFi)
  3383 | D:4      | Noticed a water moccasin
  3393 | D:4      | Killed a water moccasin
  3393 | D:4      | Reached XP level 7. HP: 53/56 MP: 10/15
  3446 | D:4      | Slain by TheNamelessOne's ghost

Levels and vault maps discovered:
D:1:      evilmike_arrival_home_sweet_home, layout_loops_ring
D:2:      layout_basic, hangedman_ru_absence, uniq_jessica, uniq_robin
D:3:      layout_loops_cross, chequers_ecumenical_altar_simple, wad_orctagon
D:4:      old_forge, layout_basic, minmay_temple_entry_wispy, serial_glass,
          glass_columns_c, glass_columns_b, glass_columns_b, glass_columns_a,
          glass_columns_a, glass_columns_a, glass_columns_b, glass_columns_a,
          glass_columns_b, glass_columns_c, feat_on_display, item_on_display_a,
          ebering_ghost_sewer_f, first_ration, minmay_bent
Temple:   nicolae_temple_x_marks_the_god

Skill      XL: |  1  2  3  4  5  6 |
---------------+-------------------+-----
Spellcasting   | 5 |  5.5
Invocations    | 1 2 |  2.5
Short Blades   | 1 2 |  2.3
Long Blades    | 1 2 |  2.3
Axes           | 1 2 |  2.3
Maces & Flails | 1 2 |  2.3
Staves         | 1 2 |  2.3
Slings         | 1 2 |  2.3
Bows           | 1 2 |  2.3
Crossbows      | 1 2 |  2.3
Throwing       | 1 2 |  2.3
Stealth        | 1 2 |  2.3
Shields        | 1 2 |  2.3
Unarmed Combat | 1 2 |  2.3
Evocations     | 1 2 |  2.3
Conjurations   | 1 |  1.8
Hexes          | 1 |  1.8
Summonings     | 1 |  1.8
Necromancy     | 1 |  1.8
Translocations | 1 |  1.8
Transmutations | 1 |  1.8
Fire Magic     | 1 |  1.8
Ice Magic      | 1 |  1.8
Air Magic      | 1 |  1.8
Earth Magic    | 1 |  1.8
Poison Magic   | 1 |  1.8
Armour         | 3 |  3.5
Fighting       | 5 |  5.1
Polearms       | 5 |  5.1
Dodging        | 5 |  5.1
Charms         | |  5.8

Action                   |  1- 3 |  4- 6 |  7- 9 || total
-------------------------+-------+-------+-------++-------
Melee: Spear             |   119 |   184 |    28 ||   331
       Bite              |    15 |    17 |     6 ||    38
       Punch             |     1 |     1 |       ||     2
 Cast: Infusion          |     5 |     7 |     1 ||    13
       Shroud of Golubri |       |     9 |     1 ||    10
       Spectral Weapon   |       |     6 |     1 ||     7
Invok: Curse Item        |       |     2 |       ||     2
Evoke: Wand              |       |       |     1 ||     1
  Use: Scroll            |       |     4 |       ||     4
       Potion            |       |       |     3 ||     3
 Stab: Sleeping          |     5 |     8 |       ||    13
  Eat: Chunk             |       |     8 |       ||     8
Armor: Leather armour    |    19 |    17 |     4 ||    40
Dodge: Dodged            |    68 |    96 |     9 ||   173
Block: Shield            |       |    16 |     9 ||    25
       Buckler           |       |     6 |       ||     6
